 Dungeon Crawl Stone Soup version 0.31-a0-853-gc9b61b78f7 (webtiles) character file.

Game seed: 10673204655719375173

250 Descartes the Shooter (level 6, -5/43 HPs)
             Began as a Barachi Hexslinger on Oct 8, 2023.
             Was an Elder of Uskayaw.
             Slain by Duvessa
             ... wielding a +0 short sword
              (8 damage)
             ... on level 4 of the Dungeon.
             The game lasted 00:05:53 (2532 turns).

Descartes the Shooter (Barachi Hexslinger)          Turns: 2532, Time: 00:05:54

Health: -5/43      AC: 14    Str: 11    XL:     6   Next: 13%
Magic:  7/7        EV: 11    Int: 14    God:    Uskayaw [****..]
Gold:   156        SH:  0    Dex: 14    Spells: 7/7 levels left

rFire   + . .        b - +9 hand axe of Blood-Lust {spect, rElec rCorr}
rCold   . . .        (no shield)
rNeg    . . .        f - +4 chain mail
rPois   .            (no helmet)
rElec   +            (no cloak)
rCorr   +            g - +0 pair of gloves
SInv    .            (no boots)
Will    .....        (no amulet) Stlth
                     k - ring of protection from fire
HPRegen 0.27/turn    o - +5 ring of evasion
MPRegen 0.10/turn

%: no passive effects
@: invisible, slow
A: amphibious, slowness 1, strong legs 1, +LOS
a: Hop, Renounce Religion, Stomp, Line Pass


You were on level 4 of the Dungeon.
You worshipped Uskayaw.
Uskayaw was noncommittal.
You visited 1 branch of the dungeon, and saw 4 of its levels.

You collected 156 gold pieces.

Inventory:

Hand Weapons
 a - a +1 sling
 b - the +9 hand axe of Blood-Lust (weapon) {spect, rElec rCorr}
   (You found it on level 4 of the Dungeon)

   rElec:     It insulates you from electricity.
   rCorr:     It protects you from acid and corrosion.
Missiles
 n - 18 stones
 q - 3 javelins
Armour
 c - a +0 robe
 f - a +4 chain mail (worn)
 g - a +0 pair of gloves (worn)
 t - a +0 kite shield
Jewellery
 k - a ring of protection from fire (left hand)
 o - a +5 ring of evasion (right hand)
Wands
 r - a wand of flame (9)
Scrolls
 d - 9 scrolls of identify {unknown}
 e - 3 scrolls of teleportation {unknown}
 h - a scroll of fog {unknown}
 i - a scroll of noise {unknown}
 m - a scroll of vulnerability {unknown}
 u - 2 scrolls of poison
Potions
 j - a potion of might {unknown}
 p - a potion of attraction {unknown}
 s - a potion of lignification {unknown}


   Skills:
 - Level 1.2 Fighting
 + Level 4.7 Ranged Weapons
 + Level 4.5 Armour
 - Level 2.1 Dodging
 - Level 1.1 Spellcasting
 - Level 3.2 Hexes
 - Level 1.1 Fire Magic


You had 7 spell levels left.
You didn't know any spells.
Your spell library contained the following spells:

 Spells                   Type           Power      Damage    Failure   Level
 Slow                     Hex            36%        N/A       87%         1
 Jinxbite                 Hex            18%        N/A       95%         2
 Confusing Touch          Hex            9%         N/A       99%         3
 Sigil of Binding         Hex            9%         N/A       99%         3
 Kiss of Death            Conj/Necr      0%         2d5       100%        1
 Necrotise                Necr           0%         1d4       100%        1
 Sandblast                Erth           0%         2d4       100%        1
 Cigotuvi's Dreadful Rot  Necr/Pois/Air  0%         N/A       100%        2
 Ignite Poison            Fire/Tmut/Pois 1%         N/A       100%        3
 Inner Flame              Hex/Fire       6%         N/A       100%        3
 Vampiric Draining        Necr           0%         2d6       100%        3
 Cause Fear               Hex            4%         N/A       100%        4
 Dimensional Bullseye     Hex/Tloc       2%         N/A       100%        4
 Freezing Cloud           Conj/Ice/Air   0%         6-21      100%        5


Dungeon Overview and Level Annotations

Branches:
Dungeon (4/15)
 Temple: D:4-7

Altars:
Sif Muna
Uskayaw

Shops:
D:4 [

Annotations:
D:4 Duvessa


Innate Abilities, Weirdness & Mutations

You are amphibious.
You cover ground slowly.
You can hop short distances.
You have an extended range of vision and can be seen from far away.


Message History

Your +9 hand axe of Blood-Lust {spect, rElec rCorr} hits Duvessa.
Your +9 hand axe of Blood-Lust {spect, rElec rCorr} closely misses Dowan.
Your +9 hand axe of Blood-Lust {spect, rElec rCorr} hits Dowan!
Your +9 hand axe of Blood-Lust {spect, rElec rCorr} barely misses Duvessa.
Duvessa hits you with a +0 short sword. Dowan barely misses you.
Duvessa barely misses you.
Dowan gestures wildly while chanting.
Dowan blinks!
Uskayaw will force your foes to share their pain.
Uskayaw links your audience in an emotional bond!
You barely miss Duvessa.
Duvessa is severely wounded.
Your +9 hand axe of Blood-Lust {spect, rElec rCorr} hits Duvessa.
Duvessa is no longer sharing her pain.
Duvessa barely misses your +9 hand axe of Blood-Lust {spect, rElec rCorr}.
Duvessa closely misses your +9 hand axe of Blood-Lust {spect, rElec rCorr}.
You hit Dowan.
Dowan is almost dead.
You hit Duvessa but do no damage.
Your +9 hand axe of Blood-Lust {spect, rElec rCorr} hits Dowan.
Dowan shouts!
Your +9 hand axe of Blood-Lust {spect, rElec rCorr} hits Duvessa but does no damage.
Your +9 hand axe of Blood-Lust {spect, rElec rCorr} hits Dowan!
You kill Dowan!
Duvessa screams in rage.
Duvessa goes berserk!
Duvessa closely misses you. Duvessa hits you with a +0 short sword!
* * * LOW HITPOINT WARNING * * *
You have reached level 6!
You hit Duvessa.
Duvessa is severely wounded.
Your +9 hand axe of Blood-Lust {spect, rElec rCorr} hits Duvessa!
Duvessa hits you with a +0 short sword!
* * * LOW HITPOINT WARNING * * *
Duvessa misses you.
It was a potion of invisibility.
You fade into invisibility!
Your +9 hand axe of Blood-Lust {spect, rElec rCorr} disappears.
Duvessa hits you with a +0 short sword!
You die...

#.....>.......#
############..#
.........#
########.######
###......#
#..#####.#
#####..#
#...e..####
#.#..@∩...#
.....).##.......#
..##### #..######
#..# ##.# .# .#
.# .#


You could see Duvessa (berserk, fast, unable to see you).

Vanquished Creatures
  Dowan (D:4)
  A howler monkey (D:4)
  A jelly (D:4)
  Jessica (D:3)
  Robin (D:2)
  2 adders
  A dart slug (D:2)
  An orc (D:3)
  9 bats
  5 endoplasms
  2 giant cockroaches
  19 goblins
  5 hobgoblins
  6 jackals
  2 quokkas (D:1)
  3 ball pythons
  4 frilled lizards
  2 kobolds (D:1)
  3 rats (D:1)
69 creatures vanquished.

Notes
Turn   | Place    | Note
-------+----------+-------------------------------------------
     0 | D:1      | Descartes the Barachi Hexslinger began the quest for the
                  | Orb.
     0 | D:1      | Reached XP level 1. HP: 15/15 MP: 2/2
   166 | D:1      | Reached XP level 2. HP: 21/21 MP: 3/3
   284 | D:1      | Reached skill level 1 in Armour
   687 | D:2      | Reached XP level 3. HP: 26/26 MP: 4/4
   899 | D:2      | Noticed Robin
  1279 | D:2      | Reached XP level 4. HP: 32/32 MP: 5/5
  1302 | D:2      | Killed Robin
  1660 | D:3      | Got a blackened book
  1809 | D:3      | Found a hide-covered altar of Uskayaw.
  1983 | D:3      | Noticed Jessica
  2000 | D:3      | Killed Jessica
  2062 | D:3      | Found a shimmering blue altar of Sif Muna.
  2232 | D:3      | Reached XP level 5. HP: 37/37 MP: 6/6
  2409 | D:3      | Became a worshipper of Uskayaw the Reveller
  2451 | D:4      | Reached * piety under Uskayaw
  2454 | D:4      | Reached ** piety under Uskayaw
  2462 | D:4      | Identified the +9 hand axe of Blood-Lust {spect, rElec
                  | rCorr}
  2503 | D:4      | Found Jouwkisk's Antique Armour Emporium.
  2519 | D:4      | Noticed Duvessa
  2520 | D:4      | Noticed Dowan
  2524 | D:4      | Reached *** piety under Uskayaw
  2528 | D:4      | Reached **** piety under Uskayaw
  2530 | D:4      | Killed Dowan
  2531 | D:4      | Reached XP level 6. HP: 11/43 MP: 7/7
  2531 | D:4      | HP: 2/43 [Duvessa/+0 short sword (9)]
  2532 | D:4      | Slain by Duvessa

Illustrated notes

Levels and vault maps discovered:
D:1:      grunt_arrival_lava_bath, layout_loops_ring
D:2:      layout_rooms, uniq_robin
D:3:      layout_loops_ring, tgw_sif, nicolae_uskayaw_dance_hall, uniq_jessica
D:4:      layout_basic, serial_shops, nicolae_square_shop, uniq_duvessa,
          uniq_blork_the_orc

Skill      XL: |  1  2  3  4  5 |
---------------+----------------+-----
Armour         | 1 2 3 4 |  4.5
Ranged Weapons | 3 4 |  4.7
Fighting       | |  1.2
Dodging        | |  2.1
Spellcasting   | |  1.1
Hexes          | |  3.2
Fire Magic     | |  1.1

Action                     |  1- 3 |  4- 6 || total
---------------------------+-------+-------++-------
  Melee: Hand axe          |       |     4 ||     4
   Fire: Sling             |   109 |   111 ||   220
Ability: Hop               |     1 |       ||     1
    Use: Potion            |       |     3 ||     3
 Armour: Robe              |     4 |       ||     4
         Chain mail        |   111 |    87 ||   198
  Dodge: Dodged            |    56 |    68 ||   124

Table legend: (Time is in decaauts)
 A = Elapsed time spent in this place.
 B = Non-inter-level travel time spent in this place.
 C = Inter-level travel time spent in this place.
 D = Time resting spent in this place.
 E = Time spent auto-exploring this place.
 F = Levels seen in this place.
 G = Mean time per level.
                   A        B        C        D        E       F      G
               +--------+--------+--------+--------+--------+-----+--------+
         Total |   3100 |   2918 |    182 |      0 |   2291 |   4 |  775.0 |
       Dungeon |   3100 |   2918 |    182 |      0 |   2291 |   4 |  775.0 |
               +--------+--------+--------+--------+--------+-----+--------+

Top non-repeatable levels by time:
     D:3: 1042 daAuts
     D:2: 1005 daAuts
     D:1: 920 daAuts
     D:4: 131 daAuts
